 Dungeon Crawl Stone Soup version 0.31.0-9-g3a7656b989 (webtiles) character file.

Game seed: 4186662019612023519

127 qw the Shooter (level 4, -6/23 HPs)
             Began as a Spriggan Hunter on Feb 2, 2024.
             Killed from afar by Ijyb (13 damage)
             ... with a bolt of light
             ... on level 4 of the Dungeon.
             The game lasted 00:00:07 (2401 turns).

qw the Shooter (Spriggan Hunter)                    Turns: 2401, Time: 00:00:07

Health: -6/23      AC:  2    Str:  7    XL:     4   Next: 85%
Magic:  0/5        EV: 20    Int: 10    God:
Gold:   213        SH:  0    Dex: 20    Spells: 3/3 levels left

rFire   + . .        a - +0 shortbow (elec)
rCold   . . .        (shield currently unavailable)
rNeg    . . .        c - +0 robe
rPois   .            (helmet restricted)
rElec   .            (no cloak)
rCorr   .            (gloves unavailable)
SInv    +            (boots unavailable)
Will    .....        f - amulet of guardian spirit
Stlth   +            e - ring of protection from fire
HPRegen 0.23/turn    (no ring)
MPRegen 0.09/turn

%: guardian spirit
@: confused, very quick
A: very small, no large weapons, unfitting armour, see invisible, speed 3
a: no special abilities


You were on level 4 of the Dungeon.
You visited 1 branch of the dungeon, and saw 4 of its levels.

You collected 213 gold pieces.


Innate Abilities, Weirdness & Mutations

You are very small and have problems with some larger weapons.
You are too small for most types of armour.
You have supernaturally acute eyesight. (SInv)
You cover ground extremely quickly. (Speed+++)


   Skills:
 + Level 1.8 Fighting
 - Level 5.2 Ranged Weapons
 - Level 5.0 Dodging
 - Level 1.5 Stealth


You had 3 spell levels left.
You didn't know any spells.
Your spell library was empty.

Inventory:

Hand Weapons
 a - a +0 shortbow of electrocution (weapon)
Armour
 c - a +0 robe (worn)
Jewellery
 e - a ring of protection from fire (left hand)
 f - an amulet of guardian spirit (around neck)
Potions
 d - a potion of enlightenment
 i - a potion of lignification {unknown}
 j - a potion of resistance {unknown}
 k - a potion of mutation {unknown}
 l - 2 potions of heal wounds
 o - a potion of curing

Dungeon Overview and Level Annotations

Branches:
Dungeon (4/15)
 Temple: D:4-7

Altars:
Ashenzari

Annotations:
D:4 Ijyb


Message History

2332 ||| DROPPING potion of brilliance.
You drop a potion of brilliance.
Done exploring.
2333 ||| DROPPING scroll of noise.
You drop a scroll of noise.
Done exploring.
What level of the Dungeon? (default 3, ? - help)
There is an escape hatch in the ceiling here.
There is a stone staircase leading up here.
You see here 2 stones.
There is a stone staircase leading down here.
You climb downwards.
You hear the sound of rushing water.
There is an entrance to a sewer on this level.
Hurry and find it before the portal rusts away!
There is a stone staircase leading up here.
Waypoint 3 assigned to D:4.
2363 ||| PLANNING SEWER
Found a stone staircase leading down.
Found a stone staircase leading down.
Ijyb the Twisted Goblin comes into view.
She is wielding a +0 club and carrying a wand of light.
You shoot an arrow. The arrow hits Ijyb.
Ijyb shouts!
Ijyb is lightly wounded.
Ijyb is nearby!
You shoot an arrow. The arrow barely misses Ijyb.
Ijyb zaps a wand.
The bolt of light hits you!!
You are confused.
Ouch! That really hurt!
2398 ||| DRINKING 2 potions of curing.
You feel better.
2398 ||| (to cure confusion) Ijyb screams, "I cut your head off!"
You shoot an arrow. The arrow closely misses Ijyb.
You shoot an arrow. The arrow hits Ijyb.
Ijyb is moderately wounded.
Ijyb zaps a wand.
The bolt of light hits you!
You shoot an arrow. The arrow hits Ijyb but does no damage.
Lightning courses through Ijyb!
Ijyb is almost dead.
Ijyb zaps a wand.
The bolt of light hits you!
You are confused.
Ouch! That really hurt!
You die...

# #..#.#####.#
#..#....>..#
#..#.##.####
####..#.##.#
#.....>....#
.###.#.####
#.#.#
#.#.#######.
#...@....?.#
.....g..#######.
........#
......### ...##.
... #. #. .. .


You could see Ijyb.

Vanquished Creatures
  2 orc wizards (D:3)
  3 adders
  A dart slug (D:1)
  2 ribbon worms
  5 orcs (D:3)
  A ball python (D:2)
  2 endoplasms
  5 goblins
  3 hobgoblins
  2 jackals (D:1)
  5 kobolds
  3 quokkas
  3 bats
  2 frilled lizards
  3 rats (D:1)
42 creatures vanquished.

Notes
Turn   | Place    | Note
-------+----------+-------------------------------------------
     0 | D:1      | qw the Spriggan Hunter began the quest for the Orb.
     0 | D:1      | Reached XP level 1. HP: 10/10 MP: 2/2
     0 | D:1      | 0 ||| qw: Version: 0.3-a-155-g5e7d8dd
     0 | D:1      | 0 ||| qw: Game counter: 1200
     0 | D:1      | 0 ||| qw: Melee chars always use a shield: true
     0 | D:1      | 0 ||| qw: God list: Okawaru
     0 | D:1      | 0 ||| qw: Allow faded altars: false
     0 | D:1      | 0 ||| qw: Do Orc after clearing Dungeon:15 true
     0 | D:1      | 0 ||| qw: Do second Lair branch before Depths: true
     0 | D:1      | 0 ||| qw: Lair rune preference: random
     0 | D:1      | 0 ||| qw: Goals: Normal
     0 | D:1      | 0 ||| PLANNING D:1-11
    89 | D:1      | Reached skill level 3 in Dodging
   191 | D:1      | Reached XP level 2. HP: 14/14 MP: 3/3
   332 | D:1      | Found a faded altar of an unknown god.
   696 | D:1      | 696 ||| UPGRADING to ring of protection from fire.
   697 | D:1      | 697 ||| READING scroll labelled MUKUEM QEO.
   698 | D:1      | 698 ||| READING scroll labelled GUDWON ZEESHI.
   703 | D:1      | 703 ||| DRINKING 2 coppery potions.
   704 | D:1      | 704 ||| DROPPING scroll of butterflies.
   705 | D:1      | 705 ||| DROPPING potion of degeneration.
   793 | D:2      | Reached XP level 3. HP: 18/18 MP: 4/4
  1367 | D:2      | 1367 ||| UPGRADING to amulet of guardian spirit.
  1372 | D:2      | 1372 ||| READING scroll labelled HUXINLEMIST.
  1372 | D:2      | 1372 ||| IDENTIFYING green potion
  1373 | D:2      | 1373 ||| READING scroll labelled NUD LOAKEXOURR.
  1374 | D:2      | 1374 ||| DRINKING 2 metallic purple potions.
  1376 | D:2      | 1376 ||| Stepping ~*~*~tactically~*~*~ (cloud).
  1377 | D:2      | 1377 ||| DRINKING potion of curing.
  1377 | D:2      | 1377 ||| (to cure poison)
  1385 | D:2      | 1385 ||| Stepping ~*~*~tactically~*~*~ (cloud).
  1389 | D:2      | HP: 4/18 [poisoned by you (poison gas)]
  1393 | D:2      | HP: 1/18 [poisoned by you (poison gas)]
  1548 | D:3      | 1548 ||| RETREEEEATING.
  1554 | D:3      | Reached XP level 4. HP: 11/22 MP: 1/5
  1563 | D:3      | HP: 4/22 [orc wizard/magic dart (4)]
  1564 | D:3      | 1564 ||| READING scroll of teleportation.
  1695 | D:3      | Found a broken altar of Ashenzari.
  2326 | D:3      | 2326 ||| READING scroll of identify.
  2326 | D:3      | 2326 ||| IDENTIFYING lumpy dark potion
  2327 | D:3      | 2327 ||| READING scroll labelled CYRUVE ODEISUEJ.
  2327 | D:3      | 2327 ||| BRANDING +0 shortbow.
  2328 | D:3      | 2328 ||| READING scroll labelled PINIGO ZEMEIFFI.
  2329 | D:3      | 2329 ||| READING 2 scrolls labelled LOHONKUTEA.
  2330 | D:3      | 2330 ||| READING scroll labelled XEDGHU PEGODWAY.
  2330 | D:3      | 2330 ||| ENCHANTING +0 shortbow of electrocution.
  2331 | D:3      | 2331 ||| DRINKING 3 ruby potions.
  2332 | D:3      | 2332 ||| DROPPING potion of brilliance.
  2333 | D:3      | 2333 ||| DROPPING scroll of noise.
  2363 | D:4      | 2363 ||| PLANNING SEWER
  2394 | D:4      | Noticed Ijyb
  2398 | D:4      | 2398 ||| DRINKING 2 potions of curing.
  2398 | D:4      | 2398 ||| (to cure confusion)
  2401 | D:4      | Killed from afar by Ijyb

Levels and vault maps discovered:
D:1:      minmay_arrival_stair_chambers, layout_basic,
          ebering_ecumenical_altar_sacrificial, minmay_misc_feat_nine_boxes,
          chequers_serial_rivers_small_a, minmay_cut_off
D:2:      layout_loops_ring
D:3:      layout_loops_ring, mainiacjoe_overflow_small_starburst
D:4:      layout_loops_ring, marbit_many_paths,
          nicolae_qazlal_beasts_of_the_sky, cheibrodos_sewer_entry_drain,
          uniq_ijyb

Skill      XL: |  1  2  3  4 |
---------------+-------------+-----
Dodging        | 3 4 5 |  5.0
Ranged Weapons | 5 |  5.2
Fighting       | |  1.8
Stealth        | |  1.5

Action                     |  1- 3 |  4- 6 || total
---------------------------+-------+-------++-------
   Fire: Shortbow          |    92 |    59 ||   151
    Use: Scroll            |     4 |     6 ||    10
         Potion            |     3 |     2 ||     5
 Armour: Robe              |    11 |    14 ||    25
  Dodge: Dodged            |    38 |    27 ||    65

Table legend:
 A = Non-vault XP
 B = Vault XP
 C = Vault XP percentage of total XP
 D = Non-vault monster count
 E = Vault monster count
 F = Vault count percentage of total count
                 A         B        C        D         E       F
            +---------+---------+-------+---------+---------+-------
      Total |     180 |       2 |   1.1 |      41 |       1 |   2.4
            +---------+---------+-------+---------+---------+-------
        D:1 |      24 |       2 |   7.7 |      15 |       1 |   6.2
        D:2 |      41 |       0 |   0.0 |       9 |       0 |   0.0
        D:3 |     115 |       0 |   0.0 |      17 |       0 |   0.0
            +---------+---------+-------+---------+---------+-------
